 Dungeon Crawl Stone Soup version 0.29-a0-284-gf9362112df (webtiles) character file.

Game seed: 8392613178468545427

46 drugrobin the Skirmisher (level 3, 0/31 HPs)
             Began as a Demigod Fighter on Mar 15, 2022.
             Slain by an orc wizard
             ... wielding a +0 dagger
              (3 damage)
             ... on level 3 of the Dungeon.
             The game lasted 00:02:45 (2076 turns).

drugrobin the Skirmisher (Demigod Fighter)          Turns: 2076, Time: 00:02:46

Health: 0/31       AC:  6    Str: 19    XL:     3   Next: 26%
Magic:  5/5        EV:  9    Int: 10    God:
Gold:   69         SH:  0    Dex: 13    Spells: 2/2 levels left

rFire   . . .      SeeInvis .   b - +2 whip (elec)
rCold   . . .      Faith    .   c - +0 buckler
rNeg    . . .      Spirit   .   h - +0 scale mail
rPois   .          Reflect  .   (no helmet)
rElec   .          Harm     .   (no cloak)
rCorr   +          Rampage  .   (no gloves)
Will    .....                   (no boots)
Stlth   ..........              (no amulet)
HPRegen 0.10/turn               n - ring of resist corrosion
MPRegen 0.09/turn               (no ring)

@: confused
A: high MP 1, forlorn, divine attributes, weak 1
a: no special abilities


You were on level 3 of the Dungeon.
You visited 1 branch of the dungeon, and saw 3 of its levels.

You collected 69 gold pieces.

Inventory:

Hand Weapons
 a - a +0 war axe
 b - a +2 whip of electrocution (weapon)
Armour
 c - a +0 buckler (worn)
 h - a +0 scale mail (worn)
 i - an orb of wrath
 k - a +0 helmet
Jewellery
 n - a ring of resist corrosion (left hand)
Scrolls
 e - 5 scrolls of identify {unknown}
 g - a scroll of noise {unknown}
 j - a scroll of summoning {unknown}
 l - a scroll of enchant armour {unknown}
Potions
 d - a potion of might
 m - a potion of resistance {unknown}
 o - a potion of flight {unknown}
 p - a potion of lignification {unknown}
 q - a potion of curing {unknown}


   Skills:
 + Level 3.2 Fighting
 * Level 3.0 Axes
 - Level 2.7 Armour
 - Level 2.7 Shields


You had 2 spell levels left.
You didn't know any spells.
Your spell library contained the following spells:

 Spells                   Type           Power      Damage    Failure   Level
 Summon Forest            Summ/Tloc      0%         N/A       100%        5
 Eringya's Noxious Bog    Tmut/Pois      0%         N/A       100%        6
 Summon Hydra             Summ           0%         N/A       100%        7


Dungeon Overview and Level Annotations

Branches:
Dungeon (3/15)


Innate Abilities, Weirdness & Mutations

You have an increased reservoir of magic. (+10% MP)
You shall have no god before yourself.
Your divine heritage dramatically boosts your attributes as you level up.
You are weak. (Str -2)


Message History

The orc hits you with a +0 hand axe. x2
The orc hits you with a +0 hand axe.
You're too confused to move!
You feel less confused. The orc barely misses you. The orc barely misses you.
The orc attacks as you move away! You block the orc's attack.
The orc attacks as you move away! The orc hits you with a +0 hand axe.
You see here a jackal corpse.
You hit the orc. Lightning courses through the orc!!
You kill the orc!
You miss something. Something hits you.
You barely miss something.
You hear some strange, mumbled words.
A puff of flame appears from out of thin air!
The puff of flame hits you!
You barely miss something. Something hits you.
You closely miss something. You hit the orc.
The orc is heavily wounded.
You hit the orc. Lightning courses through the orc!!
You kill the orc!
You hit something. You block something's attack.
Something hits you but does no damage.
You miss something. Something hits you.
* * * LOW HITPOINT WARNING * * *
You whack something!
You hear some strange, mumbled words.
A magic dart appears from out of thin air!
The magic dart hits you.
* * * LOW HITPOINT WARNING * * *
You completely miss something.
You hear some strange, mumbled words.
You are confused.
Unknown command.
Unknown command.
It was a potion of mutation.
You feel extremely strange.
You feel weaker. Something hits you.
You die...

## #################.
.......<..........
#################. #<
####### ##. ......#
############.. ......#
#######............#
......#
##o{@....############
......#######..#######
..............##
..............#
.......######....#
.......# ####.#
.......# .. .....###
## .....#


You could see an orc.

Vanquished Creatures
  2 orcs (D:3)
  5 ball pythons
  4 bats (D:1)
  6 endoplasms
  2 giant cockroaches (D:1)
  A goblin (D:1)
  3 hobgoblins
  6 jackals
  4 frilled lizards
  3 kobolds (D:1)
  2 rats
38 creatures vanquished.

Notes
Turn   | Place    | Note
-------+----------+-------------------------------------------
     0 | D:1      | drugrobin the Demigod Fighter began the quest for the Orb.
     0 | D:1      | Reached XP level 1. HP: 18/18 MP: 3/3
   292 | D:1      | Reached XP level 2. HP: 24/25 MP: 4/4
  1519 | D:2      | Reached XP level 3. HP: 27/31 MP: 5/5
  2076 | D:3      | Gained mutation: You are weak. (Str -2) [potion of
                  | mutation]
  2076 | D:3      | Slain by an orc wizard

Illustrated notes

Levels and vault maps discovered:
D:1:      mrwooster_arrival_arrow, layout_basic,
          chequers_ecumenical_altar_simple
D:2:      layout_basic
D:3:      layout_rooms, hangedman_abyss_or_decor_lesser_grid,
          kennysheep_generic_room_13

Skill      XL: |  1  2  3 |
---------------+----------+-----
Axes           | 2 3 |  3.0
Fighting       | 3 |  3.2
Armour         | |  2.7
Shields        | |  2.7

Action                   || total
-------------------------++-------
Melee: War axe           ||    42
       Whip              ||    63
  Use: Potion            ||     1
Armor: Scale mail        ||    43
Dodge: Dodged            ||    41
Block: Buckler           ||    24

Table legend: (Time is in decaauts)
 A = Elapsed time spent in this place.
 B = Non-inter-level travel time spent in this place.
 C = Inter-level travel time spent in this place.
 D = Time resting spent in this place.
 E = Time spent auto-exploring this place.
 F = Levels seen in this place.
 G = Mean time per level.
                   A        B        C        D        E       F      G
               +--------+--------+--------+--------+--------+-----+--------+
         Total |   2096 |   2064 |     32 |      0 |   1691 |   3 |  698.7 |
       Dungeon |   2096 |   2064 |     32 |      0 |   1691 |   3 |  698.7 |
               +--------+--------+--------+--------+--------+-----+--------+

Top non-repeatable levels by time:
     D:2: 990 daAuts
     D:1: 946 daAuts
     D:3: 159 daAuts
